 Dungeon Crawl Stone Soup version 0.26.1-11-gd32895ea62 (webtiles) character file.

Game seed: 3908122613232481971

513 Ijustatesigmund the Cudgeller (level 7, -8/49 HPs)
             Began as an Octopode Fighter on July 12, 2021.
             Killed from afar by a steam dragon (20 damage)
             ... with a ball of steam
             ... on level 5 of the Dungeon.
             The game lasted 00:07:41 (4142 turns).

Ijustatesigmund the Cudgeller (Octopode Fighter)    Turns: 4142, Time: 00:07:44

Health: -8/49      AC:  5    Str: 15    XL:     7   Next: 19%
Magic:  7/7        EV: 12    Int: 12    God:
Gold:   277        SH:  9    Dex: 12    Spells: 6/6 levels left

rFire    . . .     SeeInvis .   a - +3 flail
rCold    . . .     Faith    .   b - +0 kite shield
rNeg     . . .     Spirit   .   (helmet restricted)
rPois    .         Reflect  .   (no amulet)
rElec    .         Harm     .   (no ring)
rCorr    .         Rampage  .   (no ring)
Will     .....     Clarity  +   (no ring)
Stlth    +++.......             (no ring)
HPRegen  0.16/turn              (no ring)
MPRegen  0.10/turn              (no ring)
                                (no ring)
                                (no ring)

@: hasted, very quick
A: almost no armour, stealthy swim, amphibious, 8 rings, constrict 8, slimy
green scales 1, thin metallic scales 1, camouflage 1, clarity, gelatinous body 1
a: no special abilities


You were on level 5 of the Dungeon.
You visited 1 branch of the dungeon, and saw 5 of its levels.

You collected 277 gold pieces.

Inventory:

Hand Weapons
 a - a +3 flail (weapon)
 f - a +1 hunting sling of freezing
Missiles
 g - 177 stones (quivered)
Armour
 b - a +0 kite shield (worn)
Scrolls
 i - a scroll of fog {unknown}
 k - a scroll of magic mapping
 m - a scroll of blinking
 n - a scroll of teleportation
 o - 2 scrolls of identify
 p - a scroll of immolation {unknown}
 q - a scroll of remove curse
 s - a scroll of summoning {unknown}
Potions
 c - a potion of might
 d - a potion of lignification
 e - a potion of ambrosia
 l - 2 potions of magic
 r - a potion of mutation


   Skills:
 + Level 4.8 Fighting
 + Level 5.2 Maces & Flails
 + Level 1.3 Slings
 + Level 3.9 Dodging
 + Level 3.9 Shields


You had 6 spell levels left.
You didn't know any spells.
Your spell library contained the following spells:

 Spells                   Type           Power        Failure   Level
 Animate Skeleton         Necr           0%           80%         1
 Pain                     Necr           0%           80%         1
 Vampiric Draining        Necr           0%           99%         3
 Animate Dead             Necr           0%           100%        4
 Agony                    Necr           0%           100%        5


Dungeon Overview and Level Annotations

Branches:
Dungeon (5/15)
 Temple: D:4-7

Altars:
Cheibriados
Elyvilon
Nemelex Xobeh
Qazlal
Ru
The Shining One


Innate Abilities, Weirdness & Mutations

You cannot wear most types of armour.
You are very stealthy in the water. (Stealth+)
You are amphibious.
You can wear up to eight rings at the same time.
You can use your tentacles to constrict eight enemies at once.
Your skin changes colour to match your surroundings (Stealth+).
Your rubbery body absorbs attacks. (AC +1, EV +1)
You are partially covered in slimy green scales. (AC +2)
You are partially covered in thin metallic scales. (AC +2)
You possess an exceptional clarity of mind.


Message History

* * * LOW HITPOINT WARNING * * *
You are engulfed in a cloud of scalding steam.
* * * LOW HITPOINT WARNING * * *
Your surroundings seem slightly different.
Floosh!
The fungus is engulfed in a cloud of scalding steam.
The fungus begins to die.
You feel much better.
The fungus is engulfed in a cloud of scalding steam. x2
The fungus begins to die.
The fungus is engulfed in a cloud of scalding steam.
The fungus begins to die.
You feel yourself speed up.
The fungus is engulfed in a cloud of scalding steam. x3
The steam dragon breathes steam at you. The ball of steam hits you!
* * * LOW HITPOINT WARNING * * *
The steam dragon breathes steam at you.
The ball of steam hits the fungus!
The ball of steam hits you!!
You die...

#### ##### #P.≈##
..≈P######## #..PP≈#
..P≈.P.≈PP≈#########≈.....P
...........≈P§P§§§§≈.......
..PPP≈≈P≈P...§.§.DD........
..≈P≈PP#######≈§@PPP......#
..≈..###
#...#######.PP.≈(#######
######.#
#.#.#.##.####≈≈###.....#
#.###.#.#.##....####
#####.# #.........##.....#
#.# #####.#.........## #.#
#.########.## ######.# #.#
#.# #......# #####.# #.#
#.######


You could see 2 steam dragons.

Vanquished Creatures
  A scorpion (D:5)
  An orc priest (D:5)
  2 hounds (D:4)
  5 orc wizards
  2 worker ants (D:4)
  A howler monkey skeleton (D:4)
  8 adders
  An ooze (D:4)
  An adder skeleton (D:4)
  A dart slug (D:2)
  4 leopard geckos
  12 orcs
  5 giant cockroaches
  12 goblins
  7 hobgoblins
  2 jackals (D:2)
  5 quokkas
  A ball python (D:1)
  5 bats
  5 frilled lizards
  A jackal skeleton (D:4)
  9 kobolds
  A leopard gecko skeleton (D:4)
  8 rats
100 creatures vanquished.

Vanquished Creatures (others)
  2 fungi (D:5)
2 creatures vanquished.

Grand Total: 102 creatures vanquished

Notes
Turn   | Place    | Note
-------+----------+-------------------------------------------
     0 | D:1      | Ijustatesigmund the Octopode Fighter began the quest for
                  | the Orb.
     0 | D:1      | Reached XP level 1. HP: 16/16 MP: 1/1
   322 | D:1      | Reached XP level 2. HP: 21/21 MP: 2/2
   324 | D:1      | Gained mutation: You possess an exceptional clarity of
                  | mind. [potion of mutation]
   324 | D:1      | Gained mutation: You are partially covered in thin metallic
                  | scales. (AC +2) [potion of mutation]
   324 | D:1      | Gained mutation: You are partially covered in slimy green
                  | scales. (AC +2) [potion of mutation]
   984 | D:2      | Reached skill level 3 in Maces & Flails
   984 | D:2      | Reached XP level 3. HP: 22/26 MP: 3/3
  1117 | D:2      | Reached XP level 4. HP: 32/32 MP: 4/4
  1137 | D:2      | Found a snail-covered altar of Cheibriados.
  1370 | D:2      | Reached skill level 4 in Maces & Flails
  1442 | D:2      | Reached XP level 5. HP: 26/37 MP: 5/5
  1621 | D:2      | Found a stormy altar of Qazlal.
  2258 | D:3      | Found a glowing golden altar of the Shining One.
  2462 | D:3      | Found a sacrificial altar of Ru.
  2682 | D:4      | Found a sparkling altar of Nemelex Xobeh.
  2787 | D:4      | Found a white marble altar of Elyvilon.
  2810 | D:4      | Reached XP level 6. HP: 43/43 MP: 6/6
  3220 | D:4      | Reached skill level 5 in Maces & Flails
  3691 | D:5      | Entered Level 5 of the Dungeon
  3766 | D:5      | Reached skill level 1 in Slings
  3766 | D:5      | Reached XP level 7. HP: 44/49 MP: 7/7
  4131 | D:5      | Noticed a steam dragon
  4133 | D:5      | Noticed a steam dragon
  4142 | D:5      | Killed from afar by a steam dragon

Illustrated notes

Levels and vault maps discovered:
D:1:      lordsloth_arrival_two_stooges, layout_basic, minmay_tetromino_i2
D:2:      minmay_razor_zed, layout_rooms, general_overflow_altar,
          lemuel_crystal_altar, minmay_misc_feat_chi
D:3:      layout_basic, overflow_temple_1_default, lemuel_doored_altar
D:4:      layout_gridville, lemuel_coloured_pillars_altar, elyvilon_altar_3
D:5:      kennysheep_steamy, layout_loops_corners,
          minmay_temple_entry_crystal_x, uniq_menkaure

Skill      XL: |  1  2  3  4  5  6 |
---------------+-------------------+-----
Maces & Flails | 3 4 5 |  5.2
Fighting       | 4 |  4.8
Slings         | 1 |  1.3
Dodging        | |  3.9
Shields        | |  3.9

Action                   |  1- 3 |  4- 6 |  7- 9 || total
-------------------------+-------+-------+-------++-------
Melee: Flail             |    41 |    99 |    15 ||   155
       Constrict         |    15 |    27 |     2 ||    44
       Tentacles         |     5 |    15 |     8 ||    28
 Fire: Hunting sling     |     5 |    78 |       ||    83
  Use: Scroll            |     4 |    12 |     1 ||    17
       Potion            |     1 |     1 |     3 ||     5
 Stab: Sleeping          |     6 |     6 |       ||    12
Armor: Skin              |    11 |    32 |     7 ||    50
Dodge: Dodged            |    26 |    47 |     7 ||    80
Block: Kite shield       |    19 |    43 |     6 ||    68
